 Dungeon Crawl Stone Soup version 0.29.1-1-gd02db6906a (webtiles) character file.

Game seed: 7644271575583788616

3830 Bartlander the Grappler (level 10, -2/88 HPs)
             Began as a Ghoul Monk on Sept 15, 2022.
             Shot with a bolt by an orc warrior (14 damage)
             ... on level 8 of the Dungeon.
             The game lasted 00:27:36 (7700 turns).

Bartlander the Grappler (Ghoul Monk)                Turns: 7700, Time: 00:27:37

Health: -2/88      AC: 13    Str: 20    XL:     10   Next: 17%
Magic:  9/9        EV: 10    Int:  5    God:
Gold:   431        SH:  3    Dex: 11    Spells: 9/9 levels left

rFire   . . .      SeeInvis .     - Unarmed
rCold   + + .      Faith    .   D - +0 buckler
rNeg    + + +      Spirit   .   g - +0 scale mail
rPois   ∞          Reflect  .   A - +0 helmet
rElec   .          Harm     .   n - +0 cloak
rCorr   .          Rampage  .   (no gloves)
Will    .....                   h - +2 pair of boots
Stlth   +.........              d - amulet of magic regeneration
HPRegen 0.00/turn               i - ring of protection from cold
MPRegen 0.51/turn               (no ring)

@: about to teleport, inhibited regen
A: claws 1, cold resistance 1, negative energy resistance 3, inhibited
regeneration, torment resistance 2, devour on kill
a: no special abilities


You were on level 8 of the Dungeon.
You visited 2 branches of the dungeon, and saw 9 of its levels.
You also visited: Sewer.

You collected 431 gold pieces.

Inventory:

Missiles
 k - a throwing net (quivered)
 z - 11 poisoned darts
Armour
 a - a +0 robe
 e - a +2 pair of gloves
 g - a +0 scale mail (worn)
 h - a +2 pair of boots (worn)
 n - a +0 cloak (worn)
 t - a +0 chain mail
 A - a +0 helmet (worn)
 D - a +0 buckler (worn)
Magical Staves
 p - a staff of death
Jewellery
 d - an amulet of magic regeneration (around neck)
 i - a ring of protection from cold (left claw)
 v - an amulet of faith
Wands
 b - a wand of roots (5)
 s - a wand of mindburst (2)
 x - a wand of paralysis (9)
Scrolls
 o - 2 scrolls of amnesia
 r - 4 scrolls of magic mapping
 u - 4 scrolls of blinking
 y - a scroll of enchant weapon
 F - a scroll of fog
Potions
 c - 3 potions of cancellation
 f - 3 potions of brilliance
 j - a potion of attraction
 l - 3 potions of curing
 m - a potion of mutation
 w - a potion of lignification
 B - 2 potions of might
 E - a potion of haste


   Skills:
 + Level 8.0 Fighting
 + Level 5.9 Armour
 - Level 2.7 Dodging
 - Level 2.2 Stealth
 + Level 12.2 Unarmed Combat


You had 9 spell levels left.
You didn't know any spells.
Your spell library contained the following spells:

 Spells                   Type           Power      Damage    Failure   Level
 Freeze                   Ice            0%         1d3       89%         1
 Magic Dart               Conj           0%         1d3       89%         1
 Call Imp                 Summ           0%         N/A       96%         2
 Confusing Touch          Hex            0%         N/A       99%         3
 Frozen Ramparts          Ice            0%         1d1       99%         3
 Mephitic Cloud           Conj/Pois/Air  0%         N/A       99%         3
 Hailstorm                Conj/Ice       0%         3d3       100%        4
 Yara's Violent Unravell  Hex/Tmut       0%         3d3       100%        5
 Enfeeble                 Hex            0%         N/A       100%        7


Dungeon Overview and Level Annotations

Branches:
Dungeon (8/15)             Temple (1/1) D:5           Sewer (visited)
   Lair: D:8-11

Altars:
Ashenzari
Cheibriados
Kikubaaqudgha
Makhleb
Nemelex Xobeh
Okawaru
Qazlal
Sif Muna
Trog
Uskayaw
Vehumet
Wu Jian
Xom
Yredelemnul

Annotations:
D:6 exclusion: statue


Innate Abilities, Weirdness & Mutations

You are immune to poison.
You have sharp fingernails.
Your flesh is cold resistant. (rC+)
You are immune to negative energy. (rN+++)
You do not regenerate when monsters are visible.
You are immune to unholy pain and torment.
You thrive by killing the living.


Message History

The orc warrior unwields a +0 arbalest.
The orc warrior wields a +0 hand axe.
The orc warrior hits you with a +0 hand axe.
Items here: ! ( )) ? [ †.
You closely miss the orc warrior. The orc warrior barely misses you.
The two-headed ogre misses you.
The two-headed ogre hits you with a +0 giant club!!
The orc warrior unwields a +0 hand axe.
The orc warrior wields a +0 arbalest.
The orc warrior shoots a bolt.
The bolt barely misses you. As you open the door, it creaks loudly!
There is an open door here.
A bullfrog comes into view.
The bullfrog gives a loud, deep croak!
The bullfrog releases a deep croak.
The bullfrog barely misses you. The bullfrog hits you.
The bullfrog closely misses you. The bullfrog closely misses you.
The bullfrog attacks as you move away! The bullfrog barely misses you.
You block the bullfrog's attack. The bullfrog hits you.
There is an open door, spattered with blood here.
You see here a +0 shortbow.
Aiming: Paralyse
Press: ? - help, Shift-Dir - straight line, f - bullfrog
Aim: a bullfrog (chance to affect: 49%)
The bullfrog resists with some effort.
The bullfrog barely misses you.
The bullfrog hits you but does no damage.
Aiming: Paralyse
Press: ? - help, Shift-Dir - straight line, f/p - bullfrog
Aim: a bullfrog (chance to affect: 49%)
The bullfrog suddenly stops moving!
The orc warrior shoots a bolt.
You block the bolt.
As you read the scroll of teleportation, it crumbles to dust.
You feel strangely unstable.
The orc warrior shoots a bolt.
The bolt hits you.
The two-headed ogre hits you with a +0 giant club!
* * * LOW HITPOINT WARNING * * *
The two-headed ogre hits you with a +0 giant club!
* * * LOW HITPOINT WARNING * * *
The orc warrior shoots a bolt.
The bolt hits you!
You die...

#...##..F#.##....#
.....###)###....##
................#
.....#...#......# ...
#..o#......# .
#...#......#
##...##....##
#..O.##..>.##
##..@##.....# .
.....#######.....# #.
#....##..........#
###.##....##..........#
..........>...........#
.........^##...##....##
..........##...##...(##
#.........#...........#
# #)).##..........#


You could see a two-headed ogre and an orc warrior.

Vanquished Creatures
  A two-headed ogre (D:7)
  A hornet (D:8)
  Duvessa (D:7)
  A water moccasin (Sewer)
  2 orc warriors
  4 black bears
  An ogre (D:3)
  4 centaurs
  2 kobold brigands
  2 bullfrogs
  A necrophage (D:4)
  A gnoll sergeant (D:8)
  4 scorpions
  Dowan (D:7)
  4 wights (D:6)
  4 jellies
  2 hounds
  5 orc priests
  6 iguanas
  3 iron imps (D:3)
  2 gnoll boudas
  4 orc wizards
  7 adders
  8 gnolls
  A river rat (D:3)
  A shadow imp (D:8)
  A white imp (D:6)
  A dart slug (D:1)
  14 orcs
  3 endoplasms
  3 giant cockroaches
  13 goblins
  6 hobgoblins
  6 jackals
  3 quokkas
  7 ball pythons
  5 bats
  4 frilled lizards
  31 kobolds
  9 rats
179 creatures vanquished.

Vanquished Creatures (others)
  2 fungi (D:2)
  21 plants
23 creatures vanquished.

Grand Total: 202 creatures vanquished

Notes
Turn   | Place    | Note
-------+----------+-------------------------------------------
     0 | D:1      | Bartlander the Ghoul Monk began the quest for the Orb.
     0 | D:1      | Reached XP level 1. HP: 19/19 MP: 0/0
   320 | D:1      | Reached XP level 2. HP: 26/26 MP: 1/1
   435 | D:1      | Reached skill level 4 in Unarmed Combat
  1084 | D:2      | Reached XP level 3. HP: 30/31 MP: 2/2
  1297 | D:2      | Reached skill level 5 in Unarmed Combat
  1448 | D:2      | Found a faded altar of an unknown god.
  1475 | D:2      | Reached XP level 4. HP: 38/38 MP: 3/3
  1927 | D:3      | Noticed a scorpion
  2061 | D:3      | Noticed an ogre
  2081 | D:3      | Found a burning altar of Makhleb.
  2093 | D:3      | Killed an ogre
  2094 | D:3      | Reached skill level 6 in Unarmed Combat
  2094 | D:3      | Reached XP level 5. HP: 35/45 MP: 4/4
  2199 | D:3      | Found a glowing drain.
  2219 | Sewer    | Entered a sewer
  2252 | Sewer    | Noticed a water moccasin
  2268 | Sewer    | Killed a water moccasin
  2269 | Sewer    | Reached skill level 7 in Unarmed Combat
  2269 | Sewer    | Reached XP level 6. HP: 16/51 MP: 5/5
  2726 | D:3      | Reached skill level 8 in Unarmed Combat
  2729 | D:3      | Reached XP level 7. HP: 35/57 MP: 6/6
  3147 | D:4      | Found a stormy altar of Qazlal.
  3205 | D:4      | Reached skill level 9 in Unarmed Combat
  3739 | D:4      | Reached skill level 10 in Unarmed Combat
  4025 | D:5      | Entered Level 5 of the Dungeon
  4118 | D:5      | Reached XP level 8. HP: 57/63 MP: 7/7
  4349 | D:5      | Reached skill level 1 in Armour
  4768 | D:5      | Found a staircase to the Ecumenical Temple.
  4777 | Temple   | Entered the Ecumenical Temple
  5115 | D:5      | Found a bloodstained altar of Trog.
  5568 | D:6      | Reached skill level 5 in Fighting
  5833 | D:6      | Reached XP level 9. HP: 64/74 MP: 8/8
  5929 | D:6      | Reached skill level 11 in Unarmed Combat
  5958 | D:6      | Found a radiant altar of Vehumet.
  6346 | D:7      | Found a snail-covered altar of Cheibriados.
  6711 | D:7      | Noticed a two-headed ogre
  7066 | D:7      | Killed a two-headed ogre
  7067 | D:7      | Reached skill level 5 in Armour
  7136 | D:7      | Noticed Duvessa
  7141 | D:7      | Noticed Dowan
  7146 | D:7      | Killed Duvessa
  7156 | D:7      | Killed Dowan
  7333 | D:7      | Found a shimmering blue altar of Sif Muna.
  7390 | D:8      | Reached skill level 12 in Unarmed Combat
  7390 | D:8      | Reached XP level 10. HP: 86/86 MP: 9/9
  7660 | D:8      | Noticed a two-headed ogre
  7700 | D:8      | Shot with a bolt by an orc warrior

Illustrated notes

Levels and vault maps discovered:
D:1:      dpeg_arrival_pits, layout_loops_ring, skrybe_limestone_x,
          serial_bayou_crossing
D:2:      layout_loops_ring, shapermc_ecumenical_altar_ellora,
          minmay_misc_feat_tiny
D:3:      layout_rooms, demons_altar, cheibrodos_sewer_entry_sluice,
          serial_bayou_pond_e
D:4:      kennysheep_kobold_camp, layout_rooms,
          nicolae_qazlal_general_emergency, hex_tiny, hex_large,
          kennysheep_generic_room_14
D:5:      layout_basic, trog_ov_bears_minmay, minmay_temple_entry_hall
D:6:      layout_rooms, vehumet_statue
D:7:      layout_cave_pools, tgw_sif, mainiacjoe_overflow_tiny_flanked,
          grunt_ministairs_12, uniq_duvessa
D:8:      minmay_the_grid_octo_2x2 [minmay_the_grid_octo_odd_swirl,
          minmay_the_grid_octo_checkered, minmay_the_grid_octo_fat_diamond,
          minmay_the_grid_octo_prize_single_spiral], layout_gridville,
          chequers_temple_overflow_minitemple
Temple:   bh_familiar_temple

Skill      XL: |  1  2  3  4  5  6  7  8  9 10 |
---------------+-------------------------------+-----
Unarmed Combat | 4 5 6 7 8 10 12 | 12.2
Armour         | 3 5 |  5.9
Fighting       | 5 7 8 |  8.0
Dodging        | |  2.7
Stealth        | |  2.2

Action                   |  1- 3 |  4- 6 |  7- 9 | 10-12 || total
-------------------------+-------+-------+-------+-------++-------
Melee: Unarmed           |   117 |    87 |   357 |    37 ||   598
       Punch             |     4 |     2 |    23 |       ||    29
Evoke: Wand              |       |       |     8 |     2 ||    10
  Use: Scroll            |     7 |     5 |     8 |     1 ||    21
       Potion            |       |     2 |     1 |       ||     3
 Stab: Sleeping          |     1 |       |       |       ||     1
       Paralysed         |       |       |     4 |       ||     4
Armor: Robe              |     3 |       |       |       ||     3
       Scale mail        |    43 |    41 |   106 |     8 ||   198
Dodge: Dodged            |    39 |    47 |   139 |    31 ||   256
Block: Buckler           |       |       |     6 |     8 ||    14
